 Dungeon Crawl Stone Soup version 0.29-a0-925-g0a7a3d12f8 (webtiles) character file.

Game seed: 2666276061224412701

70 IdlyInterested the Cudgeller (level 4, 0/35 HPs)
             Began as a Demonspawn Gladiator on July 28, 2022.
             Slain by a bat (1 damage)
             ... on level 3 of the Dungeon.
             The game lasted 00:05:28 (1827 turns).

IdlyInterested the Cudgeller (Demonspawn Gladiator) Turns: 1827, Time: 00:05:28

Health: 0/35       AC:  7    Str: 12    XL:     4   Next: 4%
Magic:  4/4        EV:  6    Int: 18    God:
Gold:   96         SH:  0    Dex: 12    Spells: 3/3 levels left

rFire   . . .      SeeInvis .   a - +0 flail
rCold   . . .      Faith    .   p - +0 tower shield
rNeg    + . .      Spirit   .   t - +0 ring mail
rPois   .          Reflect  .   c - +0 helmet
rElec   .          Harm     .   j - +0 cloak
rCorr   .          Rampage  .   (no gloves)
Will    .....                   (no boots)
Stlth   ..........              (no amulet)
HPRegen 0.11/turn               s - ring of positive energy
MPRegen 0.09/turn               (no ring)

@: confused
A: demonic guardian 1, clever 2, weak 1
a: no special abilities


You were on level 3 of the Dungeon.
You visited 1 branch of the dungeon, and saw 3 of its levels.

You collected 96 gold pieces.

Inventory:

Hand Weapons
 a - a +0 flail (weapon)
Missiles
 d - 3 throwing nets
 e - a javelin
 g - 9 poisoned darts (quivered)
 k - 2 curare-tipped darts
Armour
 b - a +0 leather armour
 c - a +0 helmet (worn)
 j - a +0 cloak (worn)
 p - a +0 tower shield (worn)
 t - a +0 ring mail (worn)
Jewellery
 i - a ring of fire
 s - a ring of positive energy (left hand)
Scrolls
 f - 2 scrolls of enchant weapon {unknown}
 h - 2 scrolls of immolation {unknown}
 l - 2 scrolls of fear {unknown}
 o - 2 scrolls of identify {unknown}
 r - a scroll of teleportation {unknown}
Potions
 n - a potion of heal wounds {unknown}
 q - a potion of cancellation {unknown}
 u - a potion of flight {unknown}
 v - a potion of resistance {unknown}


   Skills:
 * Level 3.1 Fighting
 + Level 3.1 Maces & Flails
 + Level 1.8 Throwing
 - Level 1.0 Armour
 - Level 2.6 Dodging
 - Level 1.0 Stealth
 - Level 1.0 Evocations


You had 3 spell levels left.
You didn't know any spells.
Your spell library was empty.

Dungeon Overview and Level Annotations

Branches:
Dungeon (3/15)

Altars:


Innate Abilities, Weirdness & Mutations

A weak demonic guardian rushes to your aid.
Your mind is very acute. (Int +8, Str/Dex -2)
You are weak. (Str -2)


Message History

The orc hits you but does no damage. The orc hits you with a +0 club.
* * * LOW HITPOINT WARNING * * *
Your quasit bites the orc.
Your quasit closely misses the orc.
Your quasit claws the orc.
You barely miss the orc.
Your quasit bites the orc.
The orc dies!
You block the orc's attack.
Your quasit closely misses the orc.
Your quasit claws the orc. x2; You block the orc's attack.
The orc barely misses your quasit. You block the orc's attack.
You have reached level 4!
You feel clever.
You hit the orc.
The orc is severely wounded.
Your quasit barely misses the orc.
Your quasit claws the orc. x2
The orc dies!
The orc barely misses you.
A rat comes into view.
You block the orc's attack. You block the bat's attack.
Items here: ( )) †††.
You hit the orc but do no damage. The bat hits you but does no damage.
Your quasit bites the orc but does no damage.
Your quasit claws the orc but does no damage.
Your quasit barely misses the orc.
You hear some strange, mumbled words.
You are confused.
You hear some strange, mumbled words.
The orc hits you with a +0 club.
* * * LOW HITPOINT WARNING * * *
A demonic guardian appears!
Your quasit barely misses the orc.
Your quasit claws the orc but does no damage. x2
The orc hits you with a +0 club.
* * * LOW HITPOINT WARNING * * *
Something hits you but does no damage.
A magic dart appears from out of thin air!
The magic dart hits something!
It was a potion of mutation.
You feel extremely strange.
You feel clever.
You feel weaker.
You feel clever. The bat hits you.
You die...

#......# ≈
#......# ≈.≈
#......####≈.≈
#...!......≈.≈
#......#.P.≈.≈
###.........#≈.≈
........<#.P.≈.≈
##.....b5.[P≈.≈
#.....#@##P#≈.≈
#.####o5# .≈ #
#r## ≈.≈ ..# .≈
...# ≈ .....
...### ...# ....


You could see an orc (ally target), a bat (ally target), a rat, a friendly
quasit (summoned) and a friendly white imp (summoned).

Vanquished Creatures
  An adder (D:2)
  A worm (D:2)
  2 dart slugs
  5 bats
  An endoplasm (D:2)
  4 giant cockroaches
  4 goblins
  4 hobgoblins
  3 quokkas
  5 ball pythons (D:1)
  3 frilled lizards (D:1)
  3 kobolds
  4 rats (D:1)
40 creatures vanquished.

Vanquished Creatures (collateral kills)
  2 orcs (D:3)
  2 ball pythons
  A jackal (D:1)
  A kobold (D:1)
  A frilled lizard (D:3)
  2 rats (D:1)
9 creatures vanquished.

Grand Total: 49 creatures vanquished

Notes
Turn   | Place    | Note
-------+----------+-------------------------------------------
     0 | D:1      | IdlyInterested the Demonspawn Gladiator began the quest for
                  | the Orb.
     0 | D:1      | Reached XP level 1. HP: 16/16 MP: 1/1
     0 | D:1      | Noticed a dwarf
     0 | D:1      | Noticed a human
     1 | D:1      | Noticed a minotaur
     3 | D:1      | Noticed a formicid
     3 | D:1      | Noticed an ogre
     5 | D:1      | Noticed an elf
     7 | D:1      | Noticed a merfolk
     8 | D:1      | Noticed a barachi
     9 | D:1      | Noticed a felid
    11 | D:1      | Noticed a demonspawn
    11 | D:1      | Noticed a naga
    14 | D:1      | Noticed a demonspawn
    14 | D:1      | Noticed a ghoul
    16 | D:1      | Noticed an elf
    16 | D:1      | Noticed a human
    18 | D:1      | Noticed a merfolk
    18 | D:1      | Noticed a demigod
    18 | D:1      | Noticed a felid
    20 | D:1      | Noticed a gargoyle
    20 | D:1      | Noticed a human
    22 | D:1      | Noticed a spriggan
    60 | D:1      | You fall into a shaft and drop 1 floor!
   126 | D:1      | Gained mutation: A weak demonic guardian rushes to your
                  | aid. [demonic ancestry]
   126 | D:1      | Reached XP level 2. HP: 10/22 MP: 2/2
   136 | D:1      | Reached skill level 1 in Armour
   686 | D:1      | Reached XP level 3. HP: 24/28 MP: 3/3
   929 | D:1      | Reached skill level 1 in Stealth
  1580 | D:2      | Reached skill level 1 in Evocations
  1824 | D:3      | Reached XP level 4. HP: 6/35 MP: 4/4
  1826 | D:3      | HP: 1/35 [orc/+0 club (2)]
  1827 | D:3      | Gained mutation: Your mind is acute. (Int +4, Str/Dex -1)
                  | [potion of mutation]
  1827 | D:3      | Gained mutation: You are weak. (Str -2) [potion of
                  | mutation]
  1827 | D:3      | Gained mutation: Your mind is very acute. (Int +8, Str/Dex
                  | -2) [potion of mutation]
  1827 | D:3      | Slain by a bat

Illustrated notes

Levels and vault maps discovered:
D:1:      shiori_arrival_whats_in_store_for_you, layout_loops_ring, st_stairs_3,
          chequers_garden
D:2:      layout_rooms
D:3:      layout_rooms, chequers_temple_overflow_statue_of_worship,
          nicolae_elyvilon_temple_path, minmay_ruptured

Skill      XL: |  1  2  3 |
---------------+----------+-----
Armour         | 1 |  1.0
Stealth        | 1 |  1.0
Maces & Flails | 3 |  3.1
Fighting       | 3 |  3.1
Evocations     | 1 |  1.0
Throwing       | |  1.8
Dodging        | |  2.6

Action                   |  1- 3 |  4- 6 || total
-------------------------+-------+-------++-------
Melee: Flail             |   129 |     2 ||   131
  Use: Potion            |       |     1 ||     1
 Stab: Sleeping          |     1 |       ||     1
Armor: Leather armour    |    47 |       ||    47
       Ring mail         |    37 |     2 ||    39
Dodge: Dodged            |   117 |     1 ||   118
Block: Tower shield      |    48 |     2 ||    50

Table legend: (Time is in decaauts)
 A = Elapsed time spent in this place.
 B = Non-inter-level travel time spent in this place.
 C = Inter-level travel time spent in this place.
 D = Time resting spent in this place.
 E = Time spent auto-exploring this place.
 F = Levels seen in this place.
 G = Mean time per level.
                   A        B        C        D        E       F      G
               +--------+--------+--------+--------+--------+-----+--------+
         Total |   1876 |   1793 |     83 |    363 |    960 |   3 |  625.3 |
       Dungeon |   1876 |   1793 |     83 |    363 |    960 |   3 |  625.3 |
               +--------+--------+--------+--------+--------+-----+--------+

Top non-repeatable levels by time:
     D:1: 1127 daAuts
     D:2: 720 daAuts
     D:3: 28 daAuts
